 Dungeon Crawl Stone Soup version 0.30.0-29-ga12c61a403 (webtiles) character file.

Game seed: 15246927870736740301

64894 Graphine the Warrior (level 14, -11/162 HPs)
             Began as a Minotaur Berserker on June 19, 2023.
             Was a High Priest of Trog.
             Killed from afar by a deep elf sorcerer (32 damage)
             ... with damnation
             ... on level 1 of the Elven Halls.
             The game lasted 00:45:54 (16158 turns).

Graphine the Warrior (Minotaur Berserker)          Turns: 16158, Time: 00:45:54

Health: -11/162    AC: 29    Str: 26    XL:     14   Next: 73%
Magic:  0/13       EV: 12    Int:  6    God:    Trog [*****.]
Gold:   837        SH:  0    Dex: 11    Spells: 13/13 levels left

rFire   + . .        D - +9 battleaxe (flame)
rCold   + . .        (shield currently unavailable)
rNeg    . . .        G - +5 plate armour {Will+}
rPois   +            K - +1 hat {Stlth+}
rElec   .            N - scarf {rC+ rF+}
rCorr   .            n - +0 pair of gloves
SInv    .            p - +1 pair of boots of Lust {+Inv rPois Int-4 Slay+5}
Will    +++..        x - amulet of guardian spirit Stlth
                     f - ring of willpower
HPRegen 0.47/turn    S - +6 ring of intelligence
MPRegen 0.13/turn

%: guardian spirit
@: on berserk cooldown
A: horns 2, retaliatory headbutt, iridescent scales 1, robust 1
a: Renounce Religion, Evoke Invisibility, Berserk, Trog's Hand, Brothers in Arms


You were on level 1 of the Elven Halls.
You worshipped Trog.
Trog was extremely pleased with you.
You visited 3 branches of the dungeon, and saw 15 of its levels.
You also visited: Bailey.

You collected 1670 gold pieces.
You spent 833 gold pieces at shops.

Inventory:

Hand Weapons
 a - a +0 executioner's axe
 C - a +2 war axe of venom
 D - a +9 battleaxe of flaming (weapon)
 I - a +6 hand axe of freezing
Missiles
 l - a throwing net (quivered)
Armour
 n - a +0 pair of gloves (worn)
 p - the +1 pair of boots of Lust (worn) {+Inv rPois Int-4 Slay+5}
   (You bought it in a shop on level 12 of the Dungeon)

   Int:       It affects your intelligence (-4).
   Slay:      It affects your accuracy & damage with ranged weapons and melee
   (+5).
   rPois:     It protects you from poison.
   +Inv:      It lets you turn invisible.
 G - a +5 plate armour of willpower (worn)
 K - a +1 hat of stealth (worn)
 N - a scarf of resistance (worn)
Jewellery
 f - a ring of willpower (left hand)
 i - a ring of see invisible
 j - a ring of positive energy
 o - a +6 ring of strength
 r - a ring of protection from fire
 x - an amulet of guardian spirit (around neck)
 M - a ring of flight
 S - a +6 ring of intelligence (right hand)
Wands
 q - a wand of quicksilver (15)
 t - a wand of digging (1)
 u - a wand of iceblast (7)
 y - a wand of flame (56)
 E - a wand of mindburst (32)
Scrolls
 d - 15 scrolls of teleportation
 k - 2 scrolls of fear
 w - 4 scrolls of enchant weapon
 L - 2 scrolls of poison
 O - a scroll of fog
 P - a scroll of silence
Potions
 b - 4 potions of brilliance
 c - 2 potions of might
 e - 15 potions of curing
 g - 2 potions of flight
 h - a potion of haste
 m - a potion of cancellation
 s - 2 potions of resistance
 v - a potion of ambrosia
 z - 4 potions of heal wounds
 B - 3 potions of magic
 F - 2 potions of berserk rage
 H - 2 potions of invisibility
 R - a potion of lignification {unknown}


   Skills:
 - Level 20.0 Fighting
 + Level 15.7 Axes
 + Level 15.5 Armour
 + Level 14.2 Dodging


You had 13 spell levels left.
You didn't know any spells.
Your spell library was empty.

Dungeon Overview and Level Annotations

Branches:
Dungeon (12/15)            Temple (0/1) D:4            Lair (0/5) D:11
    Orc (2/2) D:12            Elf (1/3) Orc:2        Bailey (visited)

Altars:
Fedhas
Gozag
Uskayaw
Zin
The Shining One

Shops:
D:3 *   D:4 *   D:12 *   Orc:1 :   Orc:2 =[(*

Portals:
Trove: D:11 (give horn of Geryon)

Annotations:
Elf:1 6 runed translucent doors


Innate Abilities, Weirdness & Mutations

You have a pair of horns on your head.
You reflexively headbutt those who attack you in melee.
You are partially covered in iridescent scales. (AC +2)
You are robust. (+10% HP)


Message History

You barely miss the earth elemental. You slice the +0 battleaxe of venom!!
You burn the +0 battleaxe of venom.
You feel the power of Trog in you as your rage grows.
The +0 battleaxe of venom falls from the air.
Trog accepts your kill.
You slash the earth elemental! You headbutt the earth elemental.
The earth elemental is heavily damaged.
You slice the earth elemental!!
You destroy the earth elemental!
Trog accepts your kill.
You start resting.
You feel a strong urge to attack something.
You start resting.
You are no longer berserk.
You are exhausted.
You feel yourself slow down.
You start resting.
You are no longer corroded.
You start resting.
You feel the effects of Trog's Hand fading.
You start resting.
Your skin stops crawling.
You feel less strong-willed.
You start resting.
You feel yourself speed up.
A deep elf sorcerer comes into view.
It is wielding a +0 long sword of flaming.
A deep elf sorcerer is nearby!
The deep elf sorcerer shouts!
You hear a shout! x2
The deep elf sorcerer mumbles some strange words.
The deep elf sorcerer seems to speed up.
Things that are here:
a +0 trident; a +0 chain mail The deep elf sorcerer points at you and mumbles some strange words.
The sphere of damnation explodes!
The damnation engulfs you!!
* * * LOW HITPOINT WARNING * * *
You hear a shout!
You hear a deafening roar! x3
You open the large door.
There is a large open door here.
The deep elf sorcerer casts a spell at you.
The sphere of damnation explodes!
The damnation engulfs you!!
You die...

+88#88#88#..'...# #..#
+.......))..#...# #..#
+......)))e##...#####..#
#......))..............#
....$..))'.e...........#
....$.)).'.............#
#..#..#..##..########..#
+.!......'...#......#..#
+........'@..#......#..#
+88#88#88##..#......'..#
############ ..#......#..#
#..# +..#......#..# #. #..#
#..########..# #. #..#
#............#
#..#..##########...:........#
#..#........................#
#..+..............#####'##..#


You could see a deep elf sorcerer (fast).

Vanquished Creatures
  The ghost of Levsong the Peltast, an adept AtFi of Qazlal (Elf:1)
  Gastronok (D:9)
  An orc warlord (Orc:2)
  A deep elf demonologist (Elf:1)
  The ghost of vfn1303 the Thaumaturge, a journeyman FoHu of Jiyva (Orc:2)
  2 deep elf high priests (Elf:1)
  A hydra (D:11)
  A catoblepas (D:9)
  The ghost of SuvarnaParana the Severer, a journeyman MiBe of Trog (D:9)
  Erolcha (D:12)
  A centaur warrior (D:9)
  2 boulder beetles
  3 two-headed ogres
  5 dancing weapons (Elf:1)
  6 orc high priests (Orc:2)
  4 deep elf knights (Elf:1)
  Amaemon (D:9)
  Nergalle (Orc:1)
  2 deep elf archers (Elf:1)
  8 deep elf zephyrmancers (Elf:1)
  The ghost of soepkip the Magician, a novice DECj of Sif Muna (D:5)
  Pikel (D:9)
  6 deep elf pyromancers
  3 orc sorcerers (Orc:2)
  4 orc knights
  2 manticores
  An ugly thing (D:12)
  2 gargoyles (D:11)
  An orange demon (D:9)
  An unseen horror (D:10)
  7 trolls
  2 hornets
  7 slime creatures
  A water elemental (Elf:1)
  A shadow (D:9)
  A spriggan (shapeshifter) (Elf:1)
  A wyvern (D:7)
  3 wraiths
  A fire elemental (Elf:1)
  25 yaks
  A basilisk (D:12)
  A steam dragon (D:8)
  3 vampire mosquitoes (D:12)
  An acid dragon (D:12)
  4 wargs
  A water moccasin (D:6)
  38 orc warriors
  3 ice beasts
  A sky beast (D:7)
  7 ogres
  3 black bears
  A wolf (Elf:1)
  2 lemures (D:9)
  3 phantoms
  10 centaurs
  3 scorpions
  4 bullfrogs
  An earth elemental (Elf:1)
  A gnoll sergeant (D:5)
  13 wights
  18 killer bees
  7 howler monkeys
  11 orc priests
  2 gnoll boudas
  A jelly (D:5)
  2 sleepcaps
  3 hounds
  2 iguanas
  21 orc wizards
  Natasha (thrice) (D:3)
  A mummy (D:7)
  16 gnolls
  10 adders
  2 shadow imps
  An ufetubus (D:5)
  2 worms (D:5)
  4 dart slugs
  94 orcs
  6 ball pythons
  6 endoplasms
  2 giant cockroaches
  6 goblins
  7 hobgoblins
  4 jackals (D:2)
  3 quokkas
  2 bats
  4 frilled lizards
  A hobgoblin zombie (D:7)
  4 kobolds
  A kobold zombie (D:7)
  5 rats
467 creatures vanquished.

Vanquished Creatures (others)
  2 orcs (Elf:1)
2 creatures vanquished.

Grand Total: 469 creatures vanquished

Notes
Turn   | Place    | Note
-------+----------+-------------------------------------------
     0 | D:1      | Graphine the Minotaur Berserker began the quest for the
                  | Orb.
     0 | D:1      | Reached XP level 1. HP: 19/19 MP: 0/0
    75 | D:1      | Reached XP level 2. HP: 18/27 MP: 1/1
   411 | D:1      | Reached skill level 4 in Fighting
   465 | D:1      | Reached ** piety under Trog
   471 | D:1      | Reached XP level 3. HP: 23/33 MP: 2/2
  1088 | D:2      | Reached XP level 4. HP: 21/40 MP: 3/3
  1433 | D:2      | Found a glowing golden altar of the Shining One.
  1435 | D:2      | You fall into a shaft and drop 1 floor!
  1558 | D:3      | Noticed Natasha
  1563 | D:3      | Killed Natasha
  1617 | D:3      | Reached XP level 5. HP: 47/47 MP: 4/4
  1965 | D:3      | Found Teviha's General Store.
  2076 | D:3      | Noticed Natasha
  2083 | D:3      | Killed Natasha
  2266 | D:3      | Noticed Natasha
  2271 | D:3      | Killed Natasha
  2278 | D:3      | Identified a scroll of acquirement
  2278 | D:3      | Acquired a manual of Fighting
  2306 | D:4      | Reached skill level 5 in Fighting
  2311 | D:4      | Noticed a black bear
  2320 | D:4      | Killed a black bear
  2321 | D:4      | Reached skill level 6 in Fighting
  2321 | D:4      | Reached skill level 5 in Axes
  2321 | D:4      | Reached XP level 6. HP: 57/57 MP: 5/5
  2511 | D:4      | Found a staircase to the Ecumenical Temple.
  2649 | D:4      | Found Ea-nāṣir's Fine Metal Goods.
  3104 | D:5      | Entered Level 5 of the Dungeon
  3302 | D:5      | Reached skill level 7 in Fighting
  3381 | D:5      | Reached XP level 7. HP: 64/66 MP: 6/6
  3385 | D:5      | Reached skill level 5 in Armour
  3496 | D:5      | Reached skill level 8 in Fighting
  3668 | D:5      | Reached *** piety under Trog
  3933 | D:5      | Found a runed translucent door.
  3951 | D:5      | Identified the +11 long sword of the Coin {venom, Will-
                  | Dex+5}
  3951 | D:5      | Noticed soepkip's ghost (novice DECj)
  4109 | D:5      | Reached skill level 9 in Fighting
  4270 | D:5      | Killed soepkip's ghost
  4271 | D:5      | Reached skill level 10 in Fighting
  4271 | D:5      | Reached skill level 5 in Dodging
  4271 | D:5      | Reached XP level 8. HP: 80/80 MP: 7/7
  4347 | D:5      | Gained mutation: You have hidden genetic defects. [potion
                  | of mutation]
  4347 | D:5      | Gained mutation: You expend magic power (3 MP) to
                  | strengthen your wands. [potion of mutation]
  4657 | D:6      | Reached skill level 11 in Fighting
  4732 | D:6      | Reached skill level 12 in Fighting
  4739 | D:6      | Gained mutation: You are weak. (Str -2) [hidden defects]
  4740 | D:6      | Reached XP level 9. HP: 67/90 MP: 8/8
  5049 | D:6      | Gained mutation: Armour fits poorly on your strangely
                  | shaped body. [hidden defects]
  5049 | D:6      | Lost mutation: You have hidden genetic defects. [hidden
                  | defects expressed]
  5267 | D:7      | Found a flagged portal.
  5311 | Bailey   | Entered a bailey
  5323 | Bailey   | Reached skill level 13 in Fighting
  5708 | Bailey   | Reached **** piety under Trog
  5748 | Bailey   | Noticed an orc knight
  5804 | Bailey   | Killed an orc knight
  5805 | Bailey   | Reached skill level 14 in Fighting
  6472 | D:7      | Reached XP level 10. HP: 89/104 MP: 9/9
  6497 | D:7      | Reached skill level 15 in Fighting
  7304 | D:8      | Identified the +1 falchion of Emetaff {elec, rN+ Will+
                  | Str-4 Stlth+}
  7664 | D:3      | Bought a +0 plate armour of willpower for 390 gold pieces
  7679 | D:3      | Reached skill level 17 in Fighting
  7679 | D:3      | Reached skill level 10 in Axes
  7679 | D:3      | Reached skill level 10 in Armour
  7679 | D:3      | Reached XP level 11. HP: 117/117 MP: 10/10
  7680 | D:3      | Reached skill level 18 in Fighting
  7680 | D:3      | Reached skill level 10 in Dodging
  7680 | D:3      | Reached XP level 12. HP: 128/128 MP: 11/11
  8195 | D:8      | Noticed a boulder beetle
  8420 | D:8      | Killed a boulder beetle
  8671 | D:9      | Noticed Pikel
  8677 | D:9      | Killed Pikel
  8765 | D:9      | Found a runed translucent gate.
  8765 | D:9      | Found a runed translucent gate.
  8765 | D:9      | Found a runed translucent gate.
  8767 | D:9      | Found an opulent altar of Gozag.
  8767 | D:9      | Noticed a catoblepas
  8769 | D:9      | Noticed a centaur warrior
  8769 | D:9      | Noticed SuvarnaParana's ghost (journeyman MiBe)
  8778 | D:9      | Killed a catoblepas
  8779 | D:9      | Killed a centaur warrior
  8782 | D:9      | Reached skill level 19 in Fighting
  8789 | D:9      | Killed SuvarnaParana's ghost
  9124 | D:9      | Reached ***** piety under Trog
  9322 | D:9      | Noticed Amaemon
  9332 | D:9      | Killed Amaemon
  9550 | D:9      | Noticed Gastronok
  9567 | D:9      | Killed Gastronok
 10109 | D:10     | Entered Level 10 of the Dungeon
 10161 | D:10     | Found a transporter.
 10168 | D:10     | Found a transporter.
 10196 | D:10     | Found a transporter.
 10203 | D:10     | Found a transporter.
 10342 | D:10     | Reached XP level 13. HP: 132/139 MP: 12/12
 10516 | D:10     | Found a transporter.
 10517 | D:10     | Found a transporter.
 10561 | D:10     | Paralysed by a hornet for 3 turns
 10785 | D:10     | Found a blossoming altar of Fedhas.
 10785 | D:10     | Found a faded altar of an unknown god.
 10792 | D:10     | Found a glowing silver altar of Zin.
 10814 | D:10     | Found a hide-covered altar of Uskayaw.
 10816 | D:10     | Found a faded altar of an unknown god.
 11327 | D:11     | Found a portal to a secret trove of treasure.
 11474 | D:11     | Reached skill level 20 in Fighting
 11805 | D:11     | Found a staircase to the Lair.
 12469 | D:12     | Noticed Erolcha
 12473 | D:12     | Killed Erolcha
 13100 | D:12     | Found Hifahink's General Store.
 13111 | D:12     | Bought the +1 pair of boots of Lust {+Inv rPois Int-4
                  | Slay+5} for 443 gold pieces
 13121 | D:12     | Lost intelligence.
 13238 | D:12     | Found a staircase to the Orcish Mines.
 13725 | D:12     | Lost intelligence.
 13727 | D:12     | Lost mutation: You expend magic power (3 MP) to strengthen
                  | your wands. [potion of mutation]
 13727 | D:12     | Lost mutation: Armour fits poorly on your strangely shaped
                  | body. [potion of mutation]
 13727 | D:12     | Lost mutation: You are weak. (Str -2) [potion of mutation]
 13727 | D:12     | Gained mutation: You are partially covered in iridescent
                  | scales. (AC +2) [potion of mutation]
 13727 | D:12     | Gained mutation: You are robust. (+10% HP) [potion of
                  | mutation]
 13753 | Orc:1    | Entered Level 1 of the Orcish Mines
 13798 | Orc:1    | Noticed Nergalle
 13808 | Orc:1    | Killed Nergalle
 13808 | Orc:1    | Received a gift from Trog
 13839 | Orc:1    | Found Jypn's Book Shoppe.
 14095 | Orc:2    | Entered Level 2 of the Orcish Mines
 14095 | Orc:2    | Noticed an orc warlord
 14095 | Orc:2    | Found Unogu's General Store.
 14936 | Orc:2    | Killed an orc warlord
 15046 | Orc:2    | Found Uskuar's Antique Weapon Emporium.
 15055 | Orc:2    | Reached XP level 14. HP: 162/162 MP: 13/13
 15123 | Orc:2    | Found Copasikk's Antique Armour Shoppe.
 15222 | Orc:2    | Found Naysh's Jewellery Shop.
 15390 | Orc:2    | Found a runed translucent door.
 15392 | Orc:2    | Noticed vfn1303's ghost (journeyman FoHu)
 15517 | Orc:2    | Found a staircase to the Elven Halls.
 15670 | Orc:2    | Killed vfn1303's ghost
 15738 | Elf:1    | Entered Level 1 of the Elven Halls
 15803 | Elf:1    | Reached skill level 15 in Axes
 15848 | Elf:1    | Found a large runed translucent door.
 15848 | Elf:1    | Found a large runed translucent door.
 15851 | Elf:1    | Noticed Levsong's ghost (adept AtFi)
 15867 | Elf:1    | Killed Levsong's ghost
 16105 | Elf:1    | Reached skill level 15 in Armour
 16110 | Elf:1    | Noticed a Tzitzimitl
 16117 | Elf:1    | Received a gift from Trog
 16121 | Elf:1    | Found a runed translucent gate.
 16121 | Elf:1    | Found a runed translucent gate.
 16121 | Elf:1    | Found a runed translucent gate.
 16121 | Elf:1    | Found a runed translucent gate.
 16121 | Elf:1    | Found a runed translucent gate.
 16121 | Elf:1    | Found a runed translucent gate.
 16122 | Elf:1    | HP: 6/243 [earth elemental (9)]
 16152 | Elf:1    | Noticed a deep elf sorcerer
 16158 | Elf:1    | Killed from afar by a deep elf sorcerer

Illustrated notes

Levels and vault maps discovered:
D:1:      minmay_arrival_diagonal_passages, layout_basic
D:2:      layout_loops_ring, basic_altar
D:3:      layout_rooms, serial_shops, shop, uniq_natasha
D:4:      layout_basic, minmay_temple_entry_mist, nicolae_ea-nasir_strikes_again
D:5:      layout_cave_pods, ebering_ghost_sewer_d
D:6:      layout_loops_ring, minmay_misc_feat_rows, wad_rectangle_vault
D:7:      layout_gridville, enter_bailey_5, nicolae_ossuary_entry_giza
D:8:      layout_basic, wad_dig_loot
D:9:      layout_loops_ring, ebering_ghost_gozag, special_room
          [special_room_orc], minmay_fountain_box, lemuel_flame_loot_1,
          uniq_pikel, uniq_gastronok, uniq_amaemon
D:10:     layout_loops_ring, chequers_temple_overflow_minitemple,
          kb_lookout_dungeons_type, minmay_variable_closet,
          minmay_misc_feat_square, serial_nicolae_subway,
          nicolae_sub_station_stone, nicolae_sub_station_crystal,
          nicolae_sub_station_metal
D:11:     minmay_chambers_of_sixes, layout_basic,
          grunt_lair_entry_orc_guard_hut, enter_trove_2
D:12:     layout_roguey, david_orc_3, serial_shops, nicolae_lakefront_shop,
          uniq_erolcha
Orc:1:    layout_caves, serial_shops, shop, uniq_nergalle
Orc:2:    grunt_orc_gardens, layout_caves, grunt_orc_garden, grunt_orc_garden,
          grunt_orc_garden, grunt_orc_garden, ebering_ghost_inner_flame
Elf:1:    eino_elf_arrival_customs, layout_onion_city, serial_shops,
          nicolae_shop_hallway_stairs, ebering_ghost_disaster_area, orc_legates,
          kilobyte_rumbling_trees

Skill      XL: |  1  2  3  4  5  6  7  8  9 10 11 12 13 14 |
---------------+-------------------------------------------+-----
Fighting       | 4 6 7 10 12 14 17 18 19 20 | 20.0
Axes           | 4 5 6 7 8 10 11 12 14 15 | 15.7
Armour         | 3 4 6 8 10 11 12 14 15 | 15.5
Dodging        | 3 4 5 6 7 9 10 11 12 14 | 14.2

Action                     |  1- 3 |  4- 6 |  7- 9 | 10-12 | 13-15 || total
---------------------------+-------+-------+-------+-------+-------++-------
  Melee: Hand axe          |    70 |    86 |   158 |       |       ||   314
         Headbutt          |    10 |    17 |    31 |    30 |    62 ||   150
         Punch             |     1 |     1 |       |       |       ||     2
         War axe           |       |       |    60 |     3 |       ||    63
         Battleaxe         |       |       |       |   202 |   298 ||   500
 Invoke: Berserk           |     1 |     4 |     7 |     2 |     8 ||    22
         Trog's Hand       |       |       |     2 |     1 |     6 ||     9
  Evoke: Wand              |       |       |       |     2 |     1 ||     3
    Use: Scroll            |     3 |     9 |     3 |    19 |     8 ||    42
         Potion            |       |       |     5 |     2 |     3 ||    10
   Stab: Petrified         |       |       |       |     1 |       ||     1
 Armour: Animal skin       |     1 |       |       |       |       ||     1
         Chain mail        |    15 |    14 |       |       |       ||    29
         Plate armour      |       |    52 |   119 |   100 |   204 ||   475
  Dodge: Dodged            |    38 |    36 |   139 |   108 |   220 ||   541
